[Event "Early-Titled-Tuesday-Blitz-May-28-2024"]
[Site "Chess.com"]
[Date "2024.05.28"]
[Round "1"]
[White "Tagir45"]
[Black "TomLiu777"]
[Result "0-1"]
[WhiteElo "2630"]
[BlackElo "2356"]
[TimeControl "180+1"]
[EndTime "8:07:24 PDT"]
[Termination "TomLiu777 won by checkmate"]

1. e4 e6 2. d4 d5 3. Nc3 Bb4 4. e5 c5 5. a3 Ba5 6. b4 cxd4 7. Nb5 Bc7 8. Nf3 Bd7 9. Qxd4 Ne7 10. Nxc7+ Qxc7 11. Bd3 Nbc6 12. Qg4 Ng6 13. Bb2 O-O-O 14. O-O h5 15.
Qg5 h4 16. h3 Kb8 17. Bxg6 fxg6 18. Qxg6 Rdf8 19. Qg4 Ne7 20. Nxh4 g5 21. Qxg5 Nf5 22.
Nxf5 Rxf5 23. Qg7 Rff8 24. Bd4 Rfg8 25. Qe7 Rxh3 26. Rae1 Rh4 27. c3 Rgh8 28. g3 Rh1+ 29. Kg2 R1h2+ 30. Kf3 Qc4 31. Qxd7 Qd3+ 32. Re3 Rf8+ 33.
Kg4 Qf5# 0-1

[Event "Early-Titled-Tuesday-Blitz-May-28-2024"]
[Site "Chess.com"]
[Date "2024.05.28"]
[Round "1"]
[White "smilingice"]
[Black "jk13"]
[Result "0-1"]
[WhiteElo "2327"]
[BlackElo "2644"]
[TimeControl "180+1"]
[EndTime "8:07:25 PDT"]
[Termination "jk13 won by checkmate"]

1. e4 e5 2. Nc3 Nf6 3. g3 d5 4.
exd5 Nxd5 5. Bg2 Be6 6. Nge2 Nc6 7. d4 Nxc3 8. bxc3 Bd5 9. O-O Bxg2 10. Kxg2 Qd5+ 11. Kg1 O-O-O 12. Be3 h5 13. h4 Be7 14. Qd3 Qf3 15. Rab1 g5 16. Bxg5 Qxd3 17. cxd3 Bxg5 18. hxg5 exd4 19. c4 Ne5 20. f4 Ng4 21. Rb5 Rhe8 22. Re1 Re3 23. Kf1 Rf3+ 24. Kg1 Re8 25. Rd5 Rxd3 26. f5 Rd2 27. g6 fxg6 28. fxg6 d3 29. g7 Rdxe2 30. Rf1 Rg8 31. Rf8+ Re8 32. Rdf5 Kd7 33.
R5f7+ Kd6 34. Rxe8 Rxe8 35. Rf8 d2 36. g8=Q d1=Q+ 37. Kg2 Re2+ 38. Kf3 Qf1# 0-1

[Event "Early-Titled-Tuesday-Blitz-May-28-2024"]
[Site "Chess.com"]
[Date "2024.05.28"]
[Round "1"]
[White "Lady_Nika"]
[Black "FGHSMN"]
[Result "0-1"]
[WhiteElo "2494"]
[BlackElo "2891"]
[TimeControl "180+1"]
[EndTime "8:07:26 PDT"]
[Termination "FGHSMN won by checkmate"]

1. e4 e5 2. Nf3 Nc6 3. Bb5 a6 4. Ba4 Nf6 5. O-O d6 6. h3 Bd7 7.
c3 g6 8. Re1 Bg7 9. d4 O-O 10.
d5 Ne7 11. Bxd7 Nxd7 12. c4 h6 13. Nc3 f5 14. b4 a5 15. Ba3 axb4 16. Bxb4 Nf6 17.
c5 fxe4 18. cxd6 cxd6 19. Nxe4 Nxe4 20. Rxe4 Qd7 21. a4 g5 22. Qb3 Ng6 23. Qa3 Rf6 24.
a5 Nf4 25. Nh2 h5 26. Nf1 Raf8 27. Ra2 Nxd5 28. Rd2 Nxb4 29. Qxb4 Qf7 30. Ne3 Rxf2 31. Qxd6 Rf4 32. Rb4 Kh8 33. Rb1 Rd4 34. Rxd4 exd4 35. Nd5 d3 36. Ne7 Re8 37. Rxb7 d2 38. Ng6+ Qxg6 39.
Qxg6 d1=Q+ 40. Kh2 Be5+ 41. g3 Qe2+ 42. Kh1 Qe1+ 43. Kg2 Qxg3+ 44. Kf1 Qf3+ 45. Ke1 Bc3# 0-1

[Event "Early-Titled-Tuesday-Blitz-May-28-2024"]
[Site "Chess.com"]
[Date "2024.05.28"]
[Round "1"]
[White "GothamChess"]
[Black "michaelk123"]
[Result "1-0"]
[WhiteElo "2788"]
[BlackElo "2443"]
[TimeControl "180+1"]
[EndTime "8:07:26 PDT"]
[Termination "GothamChess won on time"]

1. e4 c6 2. d4 d5 3. f3 e6 4. Nc3 Bb4 5. a3 Bxc3+ 6. bxc3 b6 7. Be3 Ne7 8. Bd3 Ba6 9. Ne2 Bxd3 10. cxd3 Nd7 11. O-O Qc7 12. Bf4 Qc8 13. Bd6 c5 14.
Bxe7 Kxe7 15. exd5 exd5 16. Nf4 Re8 17. Nxd5+ Kf8 18.
Qa4 Qb7 19. Nf4 b5 20. Rab1 Qc7 21. Qxb5 Rab8 22. Nd5 Qd6 23. Qc4 Rbc8 24. a4 Re2 25. Rfe1 Rce8 26. Rxe2 Rxe2 27. dxc5 Nxc5 28. Nf4 Rd2 29.
a5 g6 30. Qd4 Qxd4+ 31. cxd4 Nd7 32. Rb7 Nf6 33. Rxa7 g5 34. Nh3 h6 35. Nf2 Nd5 36. Ra8+ 1-0

[Event "Early-Titled-Tuesday-Blitz-May-28-2024"]
[Site "Chess.com"]
[Date "2024.05.28"]
[Round "1"]
[White "NastyaHn"]
[Black "bubeliang"]
[Result "1-0"]
[WhiteElo "2476"]
[BlackElo "2794"]
[TimeControl "180+1"]
[EndTime "8:07:27 PDT"]
[Termination "NastyaHn won by checkmate"]

1. Nc3 Nf6 2. e4 d6 3. d4 g6 4.
f4 Bg7 5. Nf3 O-O 6. Be2 Bg4 7.
O-O Bxf3 8. Bxf3 e5 9. dxe5 dxe5 10. fxe5 Nfd7 11. e6 fxe6 12. Bg4 Qe7 13. Be3 Nc6 14.
Qd2 Nde5 15. Be2 Rad8 16. Qe1 Rxf1+ 17. Qxf1 Nd4 18. Bd1 c5 19. a4 h5 20. a5 Kh7 21.
a6 b6 22. Qe1 Nec6 23. Na2 e5 24.
c3 Ne6 25. Bb3 Nf4 26. Nc1 Bh6 27. g3 Ne6 28. Bd5 Nb8 29. Nd3 Ng5 30. Kg2 Qd7 31. Nxe5 Qh3+ 32. Kh1 Re8 33. Bxg5 Bxg5 34. Nf3 Bd8 35.
Qf1 Qd7 36. Nd2 Qe7 37. Nc4 Rf8 38. Qg2 Nd7 39. Ne3 Ne5 40. Rf1 Bc7 41. Rxf8 Qxf8 42. Qf1 Qe7 43. Qf2 Qg5 44. Qf8 Qxe3 45. Bg8+ Kh8 46. Bf7+ Kh7 47. Bg8+ Kh8 48. Be6+ Kh7 49. Qg8+ Kh6 50. Qh8+ Kg5 51. h4# 1-0

[Event "Early-Titled-Tuesday-Blitz-May-28-2024"]
[Site "Chess.com"]
[Date "2024.05.28"]
[Round "1"]
[White "ATM622"]
[Black "ilya2700"]
[Result "1-0"]
[WhiteElo "2582"]
[BlackElo "2182"]
[TimeControl "180+1"]
[EndTime "8:07:27 PDT"]
[Termination "ATM622 won by checkmate"]

1. d4 Nf6 2. c4 g6 3. g3 Bg7 4. Bg2 O-O 5. Nf3 d6 6. O-O c5 7. Nc3 Nc6 8. d5 Na5 9. Qd3 e6 10. Bg5 h6 11. Bxf6 Bxf6 12. Rad1 e5 13.
Ne4 Bg7 14. Nh4 g5 15. Nf3 f5 16. Nfd2 fxe4 17. Bxe4 Bh3 18. Rfe1 b6 19. a3 Nb7 20. f3 Bd7 21. Kh1 a6 22. Nf1 b5 23. b3 Qf6 24.
Ne3 Kh8 25. g4 b4 26. a4 Rae8 27. Rg1 Na5 28. Rg3 Re7 29. Rh3 Qf4 30. Nf1 Ref7 31. Ng3 Bxg4 32. fxg4 Qxg4 33. Bg2 Rf2 34. Qg6 R8f6 35.
Qe8+ Kh7 36. Be4+ R2f5 37. Bxf5+ Rxf5 38. Nxf5 Qxf5 39. Qh5 Qe4+ 40. Qf3 Qg6 41. Qd3 e4 42. Qg3 Be5 43. Qg4 Bf4 44. Rf1 e3 45. Rxf4 gxf4 46. Qxf4 Qb1+ 47. Kg2 Qxb3 48. Rxh6+ Kg8 49. Rg6+ Kh7 50.
Qh6# 1-0

[Event "Early-Titled-Tuesday-Blitz-May-28-2024"]
[Site "Chess.com"]
[Date "2024.05.28"]
[Round "1"]
[White "martinmena"]
[Black "rhungaski"]
[Result "0-1"]
[WhiteElo "2122"]
[BlackElo "2571"]
[TimeControl "180+1"]
[EndTime "8:07:27 PDT"]
[Termination "rhungaski won by checkmate"]

1. c4 g6 2. Nc3 Bg7 3. e4 d6 4. g3 c5 5. Bg2 Nc6 6. Nge2 e6 7. O-O Nge7 8. d3 a6 9. Be3 Nd4 10. Qd2 h6 11. f4 Rb8 12. Rab1 b5 13. b3 f5 14. a4 b4 15. Bxd4 Bxd4+ 16. Nxd4 bxc3 17. Qxc3 cxd4 18. Qxd4 Qb6 19. Qxb6 Rxb6 20. d4 a5 21. e5 d5 22. cxd5 Nxd5 23. Bxd5 exd5 24. Rfc1 Be6 25. Rc5 Ra6 26. Rb5 O-O 27.
Rc1 Rfa8 28. Rcc5 R8a7 29. Kf2 g5 30. Ke3 Kf7 31. Rb8 Kg6 32. Kf3 Kh5 33. Kg2 gxf4 34. gxf4 Rg7+ 35. Kf3 Kh4 36. Rbb5 Bf7 37. Rxa5 Bh5+ 38.
Kf2 Rag6 39. Rab5 Rg2+ 40. Kf1 Be2+ 41. Ke1 Bxb5 42. axb5 Rb2 43. Kf1 Rgg2 44. Rxd5 Rxh2 45. Kg1 Rhd2 46. Rc5 Rd1# 0-1

[Event "Early-Titled-Tuesday-Blitz-May-28-2024"]
[Site "Chess.com"]
[Date "2024.05.28"]
[Round "1"]
[White "KNVB"]
[Black "alex1531"]
[Result "1-0"]
[WhiteElo "2777"]
[BlackElo "2438"]
[TimeControl "180+1"]
[EndTime "8:07:29 PDT"]
[Termination "KNVB won by resignation"]

1. d4 Nf6 2. Bf4 c5 3. e3 Nd5 4. Bxb8 Rxb8 5. c3 Qb6 6. Qb3 e6 7. Nd2 Nf6 8. Qxb6 axb6 9. a4 d5 10. Ngf3 Bd6 11. Bb5+ Bd7 12. Ke2 Ke7 13. Bxd7 Kxd7 14.
a5 bxa5 15. Rxa5 Ra8 16. Rha1 Rxa5 17. Rxa5 cxd4 18. exd4 Rc8 19. g3 Kc6 20. Ng5 Rf8 21.
f4 h6 22. Ngf3 Kb6 23. Ra1 Rc8 24. Kd3 Kc6 25. Ne5+ Bxe5 26. fxe5 Nd7 27. Rf1 Rf8 28. Nf3 b5 29. h3 f6 30. exf6 Nxf6 31. Ne5+ Kd6 32. g4 Rb8 33. Ra1 b4 34. Ra6+ Kc7 35. Ra7+ Kb6 36. Rxg7 bxc3 37. bxc3 Ne4 38. Nd7+ 1-0

[Event "Early-Titled-Tuesday-Blitz-May-28-2024"]
[Site "Chess.com"]
[Date "2024.05.28"]
[Round "1"]
[White "jup1978"]
[Black "Losingexperience"]
[Result "0-1"]
[WhiteElo "2429"]
[BlackElo "2760"]
[TimeControl "180+1"]
[EndTime "8:07:31 PDT"]
[Termination "Losingexperience won on time"]

1. d4 Nf6 2. Nf3 g6 3. c4 Bg7 4.
g3 O-O 5. Bg2 d6 6. Nc3 Nbd7 7.
O-O e5 8. Bg5 h6 9. Bd2 exd4 10.
Nxd4 Nc5 11. Qc2 a5 12. Rad1 Bd7 13. Nb3 Ne6 14. Bc1 a4 15. Nd4 Nc5 16. Nd5 Nxd5 17. cxd5 Qc8 18. b4 axb3 19. axb3 Bh3 20. b4 Bxg2 21.
Kxg2 Na6 22. Qc4 Qd7 23. Nb3 Qa4 24. Bd2 b5 25. Qc2 Nxb4 26. Bxb4 Qxb4 27. Rb1 Rfe8 28. Qxc7 Rxe2 29. Qc1 Raa2 30. Kg1 Kh7 31. Qd1 Qe4 32. Rc1 Qf3 33. Rb1 Qf5 34. Rc1 Rxf2 35. Qe1 Rg2+ 36. Kh1 Rxh2+ 0-1

[Event "Early-Titled-Tuesday-Blitz-May-28-2024"]
[Site "Chess.com"]
[Date "2024.05.28"]
[Round "1"]
[White "KVAIDAN"]
[Black "HATilay"]
[Result "0-1"]
[WhiteElo "2321"]
[BlackElo "2633"]
[TimeControl "180+1"]
[EndTime "8:07:31 PDT"]
[Termination "HATilay won by resignation"]

1. f4 d5 2. Nf3 Nf6 3. e3 g6 4. Be2 Bg7 5. O-O O-O 6. d3 c5 7. Kh1 Nc6 8. a4 Rb8 9. Qe1 a6 10. Qh4 b5 11. axb5 axb5 12. Nbd2 Bf5 13. Ng5 h6 14.
Ngf3 Nb4 15. Bd1 c4 16. Nd4 Bd7 17. dxc4 bxc4 18. c3 Nd3 19. e4 Nxe4 20. Nxe4 dxe4 21. f5 Nxc1 22. Rxc1 Rxb2 23. Qxe4 Qa8 24. Bf3 Qxe4 25. Bxe4 g5 26. Rcd1 Ba4 27. Rb1 Rfb8 28. Rxb2 Rxb2 29. h4 Be5 30. hxg5 hxg5 31. Bd5 Bxd4 32. cxd4 c3 33. Rc1 c2 34. Be4 Kg7 35. Kh2 Kf6 36.
Kg3 Rb3+ 37. Kf2 g4 38. Ke2 Kg5 39. Kd2 Rg3 40. Bxc2 Rxg2+ 41. Kc3 Rxc2+ 42. Rxc2 Bxc2 43. Kxc2 Kxf5 44. Kd3 g3 45. Ke3 g2 46. Kf2 Ke4 47. Kxg2 Kxd4 48. Kf3 e5 49. Kg4 e4 50.
Kf5 e3 51. Kf6 e2 0-1

[Event "Early-Titled-Tuesday-Blitz-May-28-2024"]
[Site "Chess.com"]
[Date "2024.05.28"]
[Round "1"]
[White "Aragon"]
[Black "tandaleo"]
[Result "0-1"]
[WhiteElo "2088"]
[BlackElo "2570"]
[TimeControl "180+1"]
[EndTime "8:07:31 PDT"]
[Termination "tandaleo won by resignation"]

1. d4 d5 2. Nc3 c6 3. Bf4 Bf5 4. Qd2 e6 5. e3 Nf6 6. f3 b5 7. g4 Bg6 8. h4 h5 9. g5 Nfd7 10.
Bxb5 cxb5 11. Nxb5 Na6 12. Ne2 Qb6 13. Nec3 Bb4 14. a3 Bxc3 15. Nxc3 Qxb2 16. Rb1 Qxc2 17. Qxc2 Bxc2 18. Rb7 Nb6 19. Nb5 O-O 20. Nxa7 Nc4 21. Nb5 e5 22. dxe5 Nc5 23. Rc7 Nd3+ 24. Kf1 Nxf4 25. exf4 Nxa3 26. Nxa3 Bd3+ 27. Kg2 Rxa3 28. Rd1 Rb8 29. Rd2 Bf5 30. Rc5 Rbb3 31. Rcxd5 Rxf3 32. Rd8+ Kh7 33. e6 fxe6 34. R8d7 Rxf4 35. R7d6 Rg4+ 36. Kf2 Rxh4 37. Rd8 Rf4+ 38. Kg2 Be4+ 39. Kh2 Rh4+ 40. Kg1 Rh1+ 41. Kf2 Rh2+ 42. Ke1 Ra1+ 43.
Rd1 Rh1+ 44. Ke2 Rhxd1 45. Rxd1 Bf3+ 46. Kxf3 Rxd1 47. Kf4 Kg6 0-1

[Event "Early-Titled-Tuesday-Blitz-May-28-2024"]
[Site "Chess.com"]
[Date "2024.05.28"]
[Round "1"]
[White "Grischuk"]
[Black "Fh2411"]
[Result "1-0"]
[WhiteElo "3113"]
[BlackElo "2549"]
[TimeControl "180+1"]
[EndTime "8:07:32 PDT"]
[Termination "Grischuk won by checkmate"]

1. d4 d5 2. Nf3 Nf6 3. Bg5 Ne4 4.
Bh4 c6 5. e3 Bf5 6. c4 Qa5+ 7.
Nbd2 e6 8. a3 Nxd2 9. Nxd2 Nd7 10. Rc1 Bd6 11. c5 Be7 12. Bxe7 Kxe7 13. Be2 Qc7 14. b4 e5 15. Nb3 Rhe8 16. O-O Kf8 17. b5 a6 18. b6 Qd8 19. Na5 Qc8 20. Qd2 Re7 21. f3 Nf6 22. g4 Bd7 23. g5 Ng8 24. Rf2 h6 25. h4 Bf5 26. Bf1 Qe6 27. Bg2 exd4 28. exd4 Rae8 29. Bf1 Qd7 30. Re2 Rxe2 31. Bxe2 hxg5 32. hxg5 Ne7 33. Re1 Ng6 34. Bf1 Rxe1 35. Qxe1 Nf4 36. Qe3 Ne6 37. Kf2 g6 38. f4 Nd8 39.
Qe5 Qe7 40. Qh8# 1-0

[Event "Early-Titled-Tuesday-Blitz-May-28-2024"]
[Site "Chess.com"]
[Date "2024.05.28"]
[Round "1"]
[White "ritanovikova"]
[Black "GameOverBro"]
[Result "0-1"]
[WhiteElo "2176"]
[BlackElo "2581"]
[TimeControl "180+1"]
[EndTime "8:07:32 PDT"]
[Termination "GameOverBro won by resignation"]

1. e4 d6 2. d4 Nf6 3. Nc3 e5 4.
dxe5 dxe5 5. Qxd8+ Kxd8 6. Bg5 Be6 7. Nf3 Nd7 8. Bb5 Kc8 9. O-O-O c6 10. Ba4 h6 11.
Bh4 b5 12. Bb3 Bxb3 13. axb3 Nh5 14. Rxd7 Kxd7 15. Nxe5+ Ke6 16. Nxc6 Bc5 17. Nxb5 Rac8 18. Ncd4+ Bxd4 19. Nxd4+ Ke5 20. Nf5 g5 21. Bg3+ Nxg3 22.
hxg3 h5 23. f3 Rcd8 24. Ne7 Rd6 25. Nf5 Rc6 26. c3 h4 27. gxh4 gxh4 28. Kc2 Kf4 29. Nd4 Rg6 30. Ne2+ Ke3 31. Re1 Rxg2 32. Kd1 Rd8+ 33.
Nd4+ Kf4 34. Rh1 Rh8 35. Rh3 Rxb2 36. Ne2+ Ke3 37. Ng3 hxg3 38. Rxh8 g2 39. Kc1 Kxf3 40. Rg8 Rf2 41. Rg7 Rf1+ 42. Kc2 g1=Q 43. Rxf7+ Kxe4 44. Re7+ Kd5 45. Rd7+ Kc6 46. Rd4 Rf2+ 47. Kd3 Qg6+ 48. Kc4 Qe6+ 49. Kb4 Re2 50. c4 Re4 51. Rd8 Qe7+ 52.
Ka4 Qxd8 53. Kb4 Qb6+ 0-1

[Event "Early-Titled-Tuesday-Blitz-May-28-2024"]
[Site "Chess.com"]
[Date "2024.05.28"]
[Round "1"]
[White "Josetricks"]
[Black "chito89"]
[Result "0-1"]
[WhiteElo "2483"]
[BlackElo "2863"]
[TimeControl "180+1"]
[EndTime "8:07:33 PDT"]
[Termination "chito89 won by resignation"]

1. e4 d6 2. d4 Nf6 3. Nc3 g6 4. h4 c6 5. Nge2 b5 6. Ng3 b4 7. Nce2 h5 8. Bg5 Nbd7 9. Qd2 a5 10. O-O-O Qc7 11. f4 Ng4 12. f5 gxf5 13. exf5 Nf2 14.
Rh3 Nb6 15. Nf4 Nxd1 16. Qxd1 a4 17. Bd3 a3 18. b3 c5 19. Ngxh5 c4 20. bxc4 Nxc4 21. Nd5 Qc6 22. Bxc4 Qxc4 23. Nb6 Qxa2 24. Nf6+ Kd8 25. Rb3 Rxh4 26. Nfd5 Qa1+ 27. Rb1 Qxd4 28. Qxd4 Rxd4 29. f6 e6 30. Ne7 a2 31. Ra1 Bb7 32. Nxa8 b3 33. cxb3 Bxa8 34. Rxa2 Be4 35. Ra7 Rb4 36.
Kb2 Rb5 37. Kc3 Rxg5 38. Ra6 Bxg2 39. Rxd6+ Ke8 40. Rb6 Bxe7 41. Rb8+ Bd8 0-1

[Event "Early-Titled-Tuesday-Blitz-May-28-2024"]
[Site "Chess.com"]
[Date "2024.05.28"]
[Round "1"]
[White "Mackster23"]
[Black "Milop27"]
[Result "0-1"]
[WhiteElo "2676"]
[BlackElo "2436"]
[TimeControl "180+1"]
[EndTime "8:07:33 PDT"]
[Termination "Milop27 won by resignation"]

1. e4 c5 2. Nf3 e6 3. d4 cxd4 4. Nxd4 a6 5. Bd3 Qb6 6. Nb3 Qc7 7. O-O d6 8. c4 Nf6 9. Nc3 Be7 10. Be3 O-O 11. Nd2 Nbd7 12. f4 b6 13. b4 Bb7 14.
Qe2 b5 15. Rac1 bxc4 16. Nxc4 Rfc8 17. Na5 Qb8 18. a3 Bd8 19. Nxb7 Qxb7 20. h3 Bb6 21. Kh2 Bxe3 22. Qxe3 Rc7 23. Qd4 Rac8 24. Ne2 Rxc1 25.
Rxc1 Rxc1 26. Nxc1 Qc6 27. Nb3 e5 28. fxe5 Nxe5 29. Na5 Qc1 30. Bxa6 Qf4+ 31. Kg1 Qc1+ 32. Bf1 Qg5 33. Qc3 g6 34. Nc4 Nxe4 35. Qb3 Qf4 36.
Nxe5 dxe5 37. Qf3 Qh4 38. Bd3 Nd2 39. Kh2 Nxf3+ 40. gxf3 Qf2+ 41. Kh1 Qxf3+ 42. Kh2 Qxd3 0-1

[Event "Early-Titled-Tuesday-Blitz-May-28-2024"]
[Site "Chess.com"]
[Date "2024.05.28"]
[Round "1"]
[White "juancruzarias"]
[Black "HanSchut"]
[Result "1-0"]
[WhiteElo "2666"]
[BlackElo "2366"]
[TimeControl "180+1"]
[EndTime "8:07:34 PDT"]
[Termination "juancruzarias won on time"]

1. d4 Nf6 2. c4 g6 3. g3 Bg7 4. Bg2 d5 5. cxd5 Nxd5 6. e4 Nb6 7.
Ne2 c5 8. d5 e6 9. O-O exd5 10.
exd5 O-O 11. Nbc3 Na6 12. a3 Bf5 13. b3 c4 14. b4 Bd3 15. Bb2 Nc7 16. d6 Qxd6 17.
Bxb7 Rad8 18. Re1 Ncd5 19. Qc1 Qc7 20. Nxd5 Nxd5 21. Bxd5 Rxd5 22. Bxg7 Kxg7 23. Qc3+ Qe5 24. f4 Qf6 25. Qxf6+ Kxf6 26. Nc3 Rd6 27. Re5 Rfd8 28. Rae1 Bf5 29. g4 Bd3 30. Kf2 h6 31. Rc5 Kg7 32. Rc7 R8d7 33. Re7 Rxe7 34. Rxe7 a5 35. b5 Bc2 36.
Rc7 Rd3 37. Rxc4 Bb3 38. Rc7 a4 39. b6 Rd2+ 40. Ke3 Rb2 41. h4 Be6 42. b7 Bxg4 43. Nxa4 Rb3+ 44. Kd4 Bf5 45. Nc5 Rb1 46. a4 g5 47. hxg5 hxg5 48. fxg5 Kg6 49. a5 Kxg5 50. Rxf7 Rd1+ 51. Ke5 Re1+ 52. Kd6 Rd1+ 53. Kc6 Rb1 54.
Rxf5+ Kxf5 55. a6 1-0

[Event "Early-Titled-Tuesday-Blitz-May-28-2024"]
[Site "Chess.com"]
[Date "2024.05.28"]
[Round "1"]
[White "rhwr"]
[Black "alreadybroken23"]
[Result "0-1"]
[WhiteElo "2301"]
[BlackElo "2616"]
[TimeControl "180+1"]
[EndTime "8:07:34 PDT"]
[Termination "alreadybroken23 won by resignation"]

1. e4 Nf6 2. e5 Nd5 3. d4 d6 4. Nf3 g6 5. exd6 cxd6 6. h3 Bg7 7. Be2 O-O 8. O-O Nc6 9. Re1 e5 10. c3 exd4 11. cxd4 Re8 12. Nc3 Nf6 13. Bg5 h6 14. Bh4 g5 15. Bg3 d5 16. Bd3 Rxe1+ 17. Qxe1 Be6 18. Rc1 Qb6 19. Nb5 Ne4 20. Bc7 Qa6 21. a3 Rc8 22. Bf1 Qa4 23. Bh2 a6 24. Nc3 Nxc3 25. bxc3 Qxa3 26. Ra1 Qe7 27. Qd2 Qd8 28. Re1 Na5 29. Ne5 Nc4 30. Nxc4 dxc4 31. Be2 b5 32. Bf3 b4 33. Bb7 bxc3 34. Qxc3 Bxd4 35. Qf3 Rc5 36.
Bxa6 Rf5 37. Qe4 Bxf2+ 38. Kh1 Bxe1 39. Qxe1 Rd5 40. Bg1 Rd1 41. Qe3 Qd5 42. Kh2 Qd6+ 43. Kh1 Rd3 44. Qb6 0-1

[Event "Early-Titled-Tuesday-Blitz-May-28-2024"]
[Site "Chess.com"]
[Date "2024.05.28"]
[Round "1"]
[White "subham777"]
[Black "pfalcon1949"]
[Result "1-0"]
[WhiteElo "2557"]
[BlackElo "1916"]
[TimeControl "180+1"]
[EndTime "8:07:35 PDT"]
[Termination "subham777 won by checkmate"]

1. e4 e6 2. Nf3 d5 3. Nc3 d4 4. Ne2 Nf6 5. d3 c5 6. g3 Nc6 7. Bg2 e5 8. O-O h6 9. Ne1 Bd6 10. f4 Ng4 11. f5 Ne3 12. Bxe3 dxe3 13. Qc1 Nd4 14. Qxe3 Bd7 15. c3 Nxe2+ 16. Qxe2 f6 17. Qh5+ Kf8 18. Nc2 Be8 19. Qf3 b5 20. Rad1 a6 21. Kh1 Qe7 22. Ne3 Bc6 23. Rfe1 h5 24.
h4 Qf7 25. b3 Rd8 26. Nd5 Bxd5 27. exd5 g5 28. fxg6 Qxg6 29. Rf1 Ke7 30. Bh3 Rhg8 31. Rg1 Rdf8 32. d4 cxd4 33. cxd4 e4 34. Rde1 f5 35. Qc3 Rc8 36. Qa5 Bxg3 37. Qb4+ Bd6 38. Rxg6 Bxb4 39. Re6+ Kf7 40. Rf1 Rc2 41. Bxf5 Rgg2 42. Bxe4+ Kg7 43. Bxg2 Rxa2 44. Be4 Bd6 45. Rg6+ Kh8 46. Rxd6 Rb2 47. Rg1 Rxb3 48. Rh6# 1-0

[Event "Early-Titled-Tuesday-Blitz-May-28-2024"]
[Site "Chess.com"]
[Date "2024.05.28"]
[Round "1"]
[White "gpsji27"]
[Black "Matsanovic"]
[Result "0-1"]
[WhiteElo "2300"]
[BlackElo "2614"]
[TimeControl "180+1"]
[EndTime "8:07:36 PDT"]
[Termination "Matsanovic won by resignation"]

1. d4 Nf6 2. Nf3 d5 3. Bg5 Bf5 4. e3 c6 5. Nbd2 e6 6. Bd3 Bg6 7. O-O Nbd7 8. Ne5 Be7 9. f4 Nxe5 10. fxe5 Nd7 11. Bxe7 Qxe7 12. Nf3 O-O 13. c3 c5 14. Qe2 c4 15. Bxg6 fxg6 16. e4 dxe4 17. Qxe4 Nb6 18. Rae1 Nd5 19. Nd2 b5 20. a4 a6 21. Qc2 Rxf1+ 22.
Nxf1 Qh4 23. g3 Qg5 24. b3 Rc8 25. axb5 axb5 26. b4 Rf8 27. Qa2 h5 28. Qa6 Qf5 29. Qa2 Nxc3 30. Qd2 Nd5 31. Ne3 Qf3 32. Nxd5 Qxd5 33.
Rd1 Rf3 34. Qg2 c3 35. Qc2 Kh7 36. Qe2 Rf8 37. Qd3 Rf3 38. Qe2 h4 39. gxh4 Rf4 40.
Qd3 Rg4+ 41. Kf2 Qg2+ 42. Ke3 Rxh4 43. Qe4 0-1

[Event "Early-Titled-Tuesday-Blitz-May-28-2024"]
[Site "Chess.com"]
[Date "2024.05.28"]
[Round "1"]
[White "bazar-wokzal"]
[Black "BarloNadera"]
[Result "1-0"]
[WhiteElo "2568"]
[BlackElo "2050"]
[TimeControl "180+1"]
[EndTime "8:07:36 PDT"]
[Termination "bazar-wokzal won by checkmate"]

1. e4 e6 2. d4 d5 3. e5 c5 4. c3 Nc6 5. Nf3 Qb6 6. Be2 Bd7 7. O-O h6 8. Re1 a6 9. dxc5 Bxc5 10. Rf1 a5 11.
Nbd2 a4 12. b4 axb3 13. Nxb3 Be7 14. Be3 Qc7 15. Bd4 h5 16. a4 Nh6 17. h3 Nf5 18. Bd3 g6 19. Qd2 Kf8 20. Rfe1 Ncxd4 21. Nbxd4 Nxd4 22.
cxd4 Rxa4 23. Rac1 Qd8 24. Rb1 Bc6 25. Bb5 Kg7 26.
Bxa4 Bxa4 27. Rxb7 Bc6 28. Ra7 Re8 29. Rea1 Qb6 30.
Qa5 Qb2 31. Qc7 Bb5 32. Qb7 Qe2 33. Rb1 Bd3 34. Re1 Qc2 35. Qd7 Kf8 36. Ng5 Qd2 37.
Nh7+ Kg7 38. Rea1 Rh8 39. Qxe7 Rxh7 40. Qxf7+ Kh6 41. Qxh7+ Kg5 42. Qe7+ Kh6 43. Qf8+ Kg5 44. f4+ Kh4 45. Qf6+ Kg3 46. Qg5# 1-0

[Event "Early-Titled-Tuesday-Blitz-May-28-2024"]
[Site "Chess.com"]
[Date "2024.05.28"]
[Round "1"]
[White "Louis-Paulsen-Fan"]
[Black "KingCrusher275"]
[Result "1-0"]
[WhiteElo "2297"]
[BlackElo "2592"]
[TimeControl "180+1"]
[EndTime "8:07:37 PDT"]
[Termination "Louis-Paulsen-Fan won by checkmate"]

1. d4 Nf6 2. Nf3 e6 3. c4 d5 4.
Nc3 Bb4 5. Bg5 h6 6. Bxf6 Qxf6 7. e3 O-O 8. Bd3 dxc4 9. Bxc4 c5 10. O-O Nc6 11. Ne4 Qe7 12. Nxc5 Bxc5 13. dxc5 Qxc5 14. Rc1 Qe7 15. Nd4 Ne5 16. Bb3 Rd8 17. Qe2 b6 18.
f4 Nd7 19. Nc6 Qe8 20. Rfd1 a6 21.
Nxd8 Qxd8 22. Qf3 Rb8 23. f5 Bb7 24. e4 Qe8 25. fxe6 fxe6 26. Qg4 Nc5 27. Bc2 e5 28. b4 Bc8 29. Qg3 Nd7 30. Bb3+ Kh8 31. Rc7 Qf8 32. Rcxd7 Bxd7 33. Rxd7 Rc8 34. h3 a5 35. bxa5 bxa5 36.
Rf7 Qg8 37. Qxe5 a4 38. Bd5 Re8 39. Qf5 Rb8 40. Qe5 Rc8 41. Rc7 Qf8 42. Rf7 Qg8 43.
Qf5 Rd8 44. Be6 Rb8 45. e5 Qd8 46. Qg6 Qg8 47. Bd5 Rd8 48. Be4 Re8 49. e6 Rd8 50. e7 Re8 51. Rf8 Rxe7 52. Qh7# 1-0

[Event "Early-Titled-Tuesday-Blitz-May-28-2024"]
[Site "Chess.com"]
[Date "2024.05.28"]
[Round "1"]
[White "zurzan"]
[Black "Sondremelaa"]
[Result "0-1"]
[WhiteElo "2149"]
[BlackElo "2578"]
[TimeControl "180+1"]
[EndTime "8:07:37 PDT"]
[Termination "Sondremelaa won on time"]

1. Nf3 Nf6 2. b3 g6 3. Bb2 Bg7 4. g3 O-O 5. Bg2 b6 6. O-O Bb7 7. d3 c5 8. c4 d5 9. cxd5 Nxd5 10. Bxg7 Kxg7 11. Qc2 Nc6 12. a3 Rc8 13. Qb2+ f6 14. Nbd2 e5 15. Rfd1 Qd7 16. Rac1 Rfd8 17. Ne4 Nd4 18.
e3 Nxf3+ 19. Bxf3 h5 20. Bg2 Ne7 21. f4 Nc6 22. b4 cxb4 23. d4 bxa3 24. Qxa3 exd4 25.
exd4 Nxd4 26. Kh1 Rxc1 27. Rxc1 a5 28. Rd1 Qf7 29. Nd6 Bxg2+ 30. Kxg2 Qe6 31. Rxd4 Qe2+ 32.
Kh3 Qf1+ 33. Kh4 Qf2 34. Nf5+ gxf5 35. Qe7+ Kg6 36. h3 Qxd4 37. Qe6 Qd7 38. Qe3 Qd4 39.
Qf3 Kg7 40. Qxh5 Rh8 0-1

[Event "Early-Titled-Tuesday-Blitz-May-28-2024"]
[Site "Chess.com"]
[Date "2024.05.28"]
[Round "1"]
[White "lluiss"]
[Black "yaguigor"]
[Result "0-1"]
[WhiteElo "2165"]
[BlackElo "2581"]
[TimeControl "180+1"]
[EndTime "8:07:38 PDT"]
[Termination "yaguigor won by resignation"]

1. Nf3 d5 2. d4 Nf6 3. c4 c6 4. cxd5 cxd5 5. Nc3 Nc6 6. Bf4 Bf5 7. e3 e6 8. Bd3 Bxd3 9. Qxd3 Be7 10.
O-O O-O 11. Rfc1 Qa5 12. Bg5 Rfc8 13. a3 Qd8 14. b4 h6 15. Bh4 Nd7 16. Bxe7 Nxe7 17.
Na4 Rxc1+ 18. Rxc1 Rc8 19. Rc3 b6 20. Qc2 Rxc3 21. Qxc3 Qc8 22. Qxc8+ Nxc8 23. Nc3 Nd6 24. Nd2 b5 25. a4 bxa4 26. Nxa4 Nb6 27. Nc3 Kf8 28.
Kf1 Ke7 29. Ke2 Kd7 30. Kd3 Kc6 31. f3 Nbc4 32. Nxc4 dxc4+ 33. Kd2 f5 34. e4 fxe4 35. fxe4 a6 36. Kc2 Nb5 37. d5+ Kd6 38. dxe6 Kxe6 39. Na4 Ke5 40. Nc5 g5 41. Nxa6 Kxe4 42. Nc5+ Ke3 43.
Na4 Kf2 44. Nc3 Nd4+ 45. Kd2 Kxg2 46. b5 Kxh2 47. b6 Nb3+ 48. Ke3 Na5 49. Kd4 g4 50. Kc5 g3 51. Kb5 Nb7 52. Kc6 Na5+ 53. Kb5 g2 54.
Ne2 Nb7 55. Kc6 c3 56. Kxb7 c2 57. Ka7 c1=Q 0-1

[Event "Early-Titled-Tuesday-Blitz-May-28-2024"]
[Site "Chess.com"]
[Date "2024.05.28"]
[Round "1"]
[White "ckgchess"]
[Black "kuchma777"]
[Result "1-0"]
[WhiteElo "2901"]
[BlackElo "2502"]
[TimeControl "180+1"]
[EndTime "8:07:39 PDT"]
[Termination "ckgchess won on time"]

1. e4 c6 2. d4 d5 3. e5 c5 4. dxc5 e6 5. Be3 Nd7 6. Bb5 Ne7 7. Bd4 Nc6 8. Bxc6 bxc6 9. b4 a5 10. a3 Ba6 11. Nf3 Be7 12. Nc3 O-O 13. Ne2 Qb8 14. c3 f6 15. exf6 Bxf6 16. Bxf6 Rxf6 17. O-O e5 18.
Qd2 e4 19. Nfd4 Ne5 20. h3 Qf8 21. Ra2 Re8 22. a4 Bc4 23. Rb2 Nd3 24. Rbb1 Nxf2 25. Qe3 Nd3 26. Rxf6 Qxf6 27. Rf1 Qg6 28. b5 cxb5 29.
axb5 Nxc5 30. Nf4 Qd6 31. Rb1 a4 32. Qc1 Nb3 33. Nxb3 axb3 34. Qe3 Qa3 35. Ne2 Qa2 36. Re1 b2 37. Kh2 b1=Q 38. Rxb1 Qxb1 39. Nd4 Qd3 40. Qg5 Rf8 41. Ne6 Rf7 42. Qd8+ 1-0